 Dungeon Crawl Stone Soup version 0.30-a0-358-g0d69a1922f (webtiles) character file.

Game seed: 2219951963505491210

420 freelancePsychic the Ruffian (level 6, -1/61 HPs)
             Began as a Troll Brigand on Nov 9, 2022.
             Was an Initiate of Wu Jian.
             Slain by a gnoll
             ... wielding a +0 spear
              (2 damage)
             ... on level 5 of the Dungeon.
             The game lasted 00:05:45 (2659 turns).

freelancePsychic the Ruffian (Troll Brigand)        Turns: 2659, Time: 00:05:46

Health: -1/61      AC:  5    Str: 20    XL:     6   Next: 62%
Magic:  5/5        EV:  9    Int: 13    God:    Wu Jian [......]
Gold:   100        SH:  0    Dex: 13    Spells: 5/5 levels left

rFire   + . .      SeeInvis .      - Unarmed
rCold   . . .      Faith    .    (no shield)
rNeg    . . .      Spirit   .    b - +0 robe
rPois   .          Reflect  .    (helmet restricted)
rElec   .          Harm     .    c - +0 cloak
rCorr   .          Rampage  .    (gloves unavailable)
Will    .....                    (boots unavailable)
Stlth   ++........               (no amulet)
HPRegen 1.10/turn                g - +6 ring of intelligence
MPRegen 0.09/turn                s - ring of protection from fire

@: lethally poisoned (-1 -> -6), flying
A: large, unfitting armour, claws 3, regeneration 1, shaggy fur 1, tough skin 1
a: Renounce Religion


You were on level 5 of the Dungeon.
You worshipped Wu Jian.
Wu Jian was noncommittal.
You visited 1 branch of the dungeon, and saw 5 of its levels.

You collected 100 gold pieces.

Inventory:

Missiles
 d - 8 poisoned darts (quivered)
 e - 3 curare-tipped darts
 A - 3 javelins
Armour
 b - a +0 robe (worn)
 c - a +0 cloak (worn)
Jewellery
 g - a +6 ring of intelligence (left claw)
 s - a ring of protection from fire (right claw)
Wands
 m - a wand of quicksilver (4)
Scrolls
 a - 2 scrolls of amnesia {unknown}
 f - 2 scrolls of enchant armour {unknown}
 i - 3 scrolls of magic mapping
 l - a scroll of vulnerability {unknown}
 n - 3 scrolls of identify {unknown}
 o - a scroll of brand weapon {unknown}
 q - a scroll of fear {unknown}
 t - a scroll of teleportation {unknown}
 v - a scroll of noise {unknown}
 w - a scroll of immolation {unknown}
 y - a scroll of torment {unknown}
Potions
 h - 2 potions of flight
 j - 3 potions of cancellation {unknown}
 k - a potion of might {unknown}
 p - 2 potions of curing {unknown}
 r - 2 potions of resistance {unknown}
 u - a potion of attraction {unknown}
 x - a potion of magic {unknown}
 z - a potion of degeneration {unknown}


   Skills:
 + Level 3.4 Fighting
 - Level 1.5 Short Blades
 - Level 2.8 Throwing
 - Level 0.7 Dodging
 - Level 2.1 Stealth
 * Level 5.0 Unarmed Combat


You had 5 spell levels left.
You didn't know any spells.
Your spell library contained the following spells:

 Spells                   Type           Power      Damage    Failure   Level
 Kiss of Death            Conj/Necr      0%         2d5       30%         1
 Blink                    Tloc           0%         N/A       43%         2
 Confusing Touch          Hex            0%         N/A       67%         3
 Ozocubu's Armour         Ice            0%         N/A       67%         3
 Portal Projectile        Hex/Tloc       0%         N/A       67%         3
 Tukima's Dance           Hex            0%         N/A       67%         3
 Dispel Undead            Necr           0%         3d6       97%         4
 Manifold Assault         Tloc           0%         N/A       97%         4
 Blade Hands              Tmut           0%         N/A       100%        5
 Metabolic Englaciation   Hex/Ice        0%         N/A       100%        5
 Simulacrum               Ice/Necr       0%         N/A       100%        6
 Storm Form               Tmut/Air       0%         N/A       100%        7


Dungeon Overview and Level Annotations

Branches:
Dungeon (5/15)
 Temple: D:4-7

Altars:
Wu Jian


Innate Abilities, Weirdness & Mutations

You are too large for most types of armour.
You have claws for hands.
Your natural rate of healing is unusually fast.
You are covered in fur. (AC +1)
You have tough skin. (AC +1)


Message History

The gnoll is severely wounded.
The gnoll closely misses you.
The gnoll hits you from afar with a +0 spear.
The gnoll hits you with a +0 club.
You scratch the gnoll.
You kill the gnoll!
The Council accepts your kill. The ice beast closely misses you.
The gnoll hits you from afar with a +0 spear.
The gnoll hits you with a +0 club. The adder bites you.
You are poisoned.
The adder poisons you!
You scratch the ice beast.
The ice beast is lightly wounded.
You feel sick. The adder bites you.
You are more poisoned.
The adder poisons you! The gnoll misses you.
The ice beast completely misses you. The gnoll hits you with a +0 club.
The adder attacks as you move away! The adder bites you.
You are more poisoned.
The adder poisons you!
You feel very sick. The ice beast hits you. The ice beast freezes you!
The adder attacks as you move away! The adder completely misses you.
You feel sick. The ice beast hits you.
* * * LOW HITPOINT WARNING * * *
The ice beast freezes you!
* * * LOW HITPOINT WARNING * * *
The adder bites you but does no damage.
Okay, then.
It was a potion of flight.
You feel very buoyant.
You fly up into the air.
* * * LOW HITPOINT WARNING * * *
You feel sick. The adder bites you.
* * * LOW HITPOINT WARNING * * *
You are more poisoned.
The adder poisons you!
The gnoll hits you from afar with a +0 spear.
You die...

.. #... #..#
#..#... #..##
#.....###..(#
#......##...###
#.#......†...#
#.##!#g.#..###
..###...##g#####
...#......YS.#####
#........@......#
.###..............#
..................#
...........#######
............##
#....#.......# ...
##......#
....####.....#
#...........##


You could see an ice beast, 2 gnolls and an adder.

Vanquished Creatures
  A black bear (D:4)
  A hound (D:4)
  An orc priest (D:2)
  A jelly (D:4)
  An iguana (D:4)
  Natasha (D:2)
  5 gnolls
  4 adders
  An ufetubus (D:4)
  A worm (D:2)
  4 dart slugs
  9 orcs
  11 endoplasms
  3 giant cockroaches
  7 hobgoblins
  4 jackals
  2 quokkas
  9 ball pythons
  2 bats (D:2)
  3 frilled lizards
  7 goblins
  4 kobolds
  6 rats
88 creatures vanquished.

Notes
Turn   | Place    | Note
-------+----------+-------------------------------------------
     0 | D:1      | freelancePsychic the Troll Brigand began the quest for the
                  | Orb.
     0 | D:1      | Reached XP level 1. HP: 19/19 MP: 0/0
    73 | D:1      | Reached skill level 1 in Unarmed Combat
    80 | D:1      | Reached XP level 2. HP: 28/28 MP: 1/1
   343 | D:1      | Reached XP level 3. HP: 35/35 MP: 2/2
   568 | D:2      | Reached skill level 2 in Unarmed Combat
   914 | D:2      | You fall into a shaft and drop 2 floors!
   993 | D:3      | Reached XP level 4. HP: 42/42 MP: 3/3
  1317 | D:3      | Found an ornate altar of the Wu Jian Council.
  1384 | D:2      | HP: 2/44 [orc/+0 mace (5)]
  1385 | D:2      | Reached skill level 3 in Unarmed Combat
  1433 | D:3      | Noticed Natasha
  1451 | D:2      | Killed Natasha
  1452 | D:2      | Reached XP level 5. HP: 28/50 MP: 4/4
  1841 | D:3      | Became a worshipper of the Wu Jian Council
  1856 | D:4      | Noticed a black bear
  1880 | D:4      | Killed a black bear
  1881 | D:4      | Reached skill level 4 in Unarmed Combat
  1962 | D:4      | Reached XP level 6. HP: 55/61 MP: 5/5
  2559 | D:5      | Entered Level 5 of the Dungeon
  2563 | D:5      | Noticed an ice beast
  2649 | D:5      | Reached skill level 5 in Unarmed Combat
  2658 | D:5      | HP: 2/61 [ice beast (14)]
  2659 | D:5      | Slain by a gnoll

Illustrated notes

Levels and vault maps discovered:
D:1:      ebering_trefoil_twist, layout_basic
D:2:      minmay_evil_eye, layout_basic
D:3:      layout_rooms, lemuel_tele_altar, uniq_natasha
D:4:      layout_basic
D:5:      layout_cave_pools, hangedman_abyss_or_decor_stabs, uniq_eustachio,
          uniq_edmund, uniq_crazy_yiuf_cottage, uniq_sigmund

Skill      XL: |  1  2  3  4  5  6 |
---------------+-------------------+-----
Unarmed Combat | 1 2 3 4 5 |  5.0
Throwing       | 2 |  2.8
Fighting       | 2 3 |  3.4
Short Blades   | |  1.5
Dodging        | |  0.7
Stealth        | |  2.1

Action                   |  1- 3 |  4- 6 || total
-------------------------+-------+-------++-------
Melee: Unarmed           |   102 |   136 ||   238
       Punch             |     2 |     1 ||     3
Throw: Dart              |       |     6 ||     6
Invok: Lunge             |       |     9 ||     9
Evoke: Wand              |       |     6 ||     6
  Use: Scroll            |     1 |       ||     1
       Potion            |       |     1 ||     1
 Stab: Sleeping          |     4 |     6 ||    10
Armor: Robe              |    41 |    46 ||    87
Dodge: Dodged            |    49 |    72 ||   121

Table legend: (Time is in decaauts)
 A = Elapsed time spent in this place.
 B = Non-inter-level travel time spent in this place.
 C = Inter-level travel time spent in this place.
 D = Time resting spent in this place.
 E = Time spent auto-exploring this place.
 F = Levels seen in this place.
 G = Mean time per level.
                   A        B        C        D        E       F      G
               +--------+--------+--------+--------+--------+-----+--------+
         Total |   2656 |   2442 |    214 |     34 |   1769 |   5 |  531.2 |
       Dungeon |   2656 |   2442 |    214 |     34 |   1769 |   5 |  531.2 |
               +--------+--------+--------+--------+--------+-----+--------+

Top non-repeatable levels by time:
     D:4: 807 daAuts
     D:2: 727 daAuts
     D:3: 560 daAuts
     D:1: 510 daAuts
     D:5: 51 daAuts
